 Dungeon Crawl Stone Soup version 0.18.1-48-g4cf74bf (webtiles) character file.

6417 Peloso the Blocker (level 10, -2/90 HPs)
             Began as a Minotaur Fighter on July 29, 2016.
             Was an Elder of Okawaru.
             Slain by a yak (10 damage)
             ... on level 8 of the Dungeon.
             The game lasted 00:26:42 (10071 turns).

Peloso the Blocker (Minotaur Fighter)              Turns: 10071, Time: 00:26:42

Health: -2/90      AC: 16    Str: 25    XL:     10   Next: 66%
Magic:  9/9        EV:  8    Int:  5    God:    Okawaru [****..]
Gold:   542        SH: 14    Dex: 13    Spells: 0 memorised, 9 levels left

rFire  . . .     SeeInvis .     a - +1 long sword (elec)
rCold  . . .     Gourm    .     t - +0 plate armour
rNeg   . . .     Faith    .     c - +1 shield
rPois  .         Spirit   .     (helmet restricted)
rElec  .         Dismiss  .     k - +0 cloak
rCorr  .         Reflect  .     (no gloves)
SustAt .         Harm     .     (no boots)
MR     .....                    (no amulet)
Stlth  ..........               (no ring)
                                J - +4 ring of strength

@: not resistant to hostile enchantments, extremely unstealthy
A: retaliatory headbutt, horns 2
a: Heroism, Renounce Religion


You were on level 8 of the Dungeon.
You worshipped Okawaru.
Okawaru was greatly pleased with you.
You were not hungry.

You visited 1 branch of the dungeon, and saw 9 of its levels.
You also visited: Sewer.

You collected 542 gold pieces.

Inventory:

Hand Weapons
 a - a +1 long sword of electrocution (weapon)
 F - a cursed -2 dagger
Armour
 b - a +0 scale mail
 c - a +1 shield (worn)
 k - a +0 cloak (worn)
 t - a +0 plate armour (worn)
Jewellery
 A - an uncursed ring of magical power
 D - an uncursed ring of ice
 J - a +4 ring of strength (left hand)
Wands
 r - a wand of confusion (23/48)
 z - a wand of iceblast (7/15)
 G - a wand of disintegration (24/24)
 K - a wand of lightning (10/15)
 M - a wand of paralysis (16/24)
 N - a wand of polymorph (11/24)
 O - a wand of enslavement (10/24)
Scrolls
 g - 2 scrolls of teleportation
 n - 7 scrolls of remove curse
 q - a scroll of fear
 u - 4 scrolls of recharging
 v - 2 scrolls of magic mapping
 y - 2 scrolls of identify
 B - a scroll of fog
 I - 2 scrolls of amnesia
Potions
 d - 2 potions of might
 h - 3 potions of haste
 j - 2 potions of flight {unknown}
 p - 7 potions of curing
 s - 5 potions of magic
 w - 2 potions of brilliance
 x - 4 potions of heal wounds
Books
 e - a book of Envenomations

   Spells                             Type                      Level
   a - Spider Form                    Transmutation/Poison         3
   b - Olgreb's Toxic Radiance        Poison                       4
   c - Alistair's Intoxication        Transmutation/Poison         5
   d - Poisonous Cloud                Conjuration/Poison/Air       6
 m - a book of Changes

   Spells                             Type                      Level
   a - Beastly Appendage              Transmutation                1
   b - Sticks to Snakes               Transmutation                2
   c - Spider Form                    Transmutation/Poison         3
   d - Ice Form                       Ice/Transmutation            4
   e - Blade Hands                    Transmutation                5
 E - a book of Necromancy

   Spells                             Type                      Level
   a - Pain                           Necromancy                   1
   b - Animate Skeleton               Necromancy                   1
   c - Vampiric Draining              Necromancy                   3
   d - Regeneration                   Charms/Necromancy            3
   e - Animate Dead                   Necromancy                   4
   f - Control Undead                 Necromancy                   4
 H - a book of the Warp

   Spells                             Type                      Level
   a - Recall                         Summoning/Translocation      3
   b - Gell's Gravitas                Hexes/Translocation          3
   c - Force Lance                    Conjuration/Translocation    4
   d - Warp Weapon                    Charms/Translocation         5
   e - Summon Forest                  Summoning/Translocation      5
Comestibles
 f - 6 bread rations
 i - 5 meat rations
 l - 8 slices of pizza
 o - a royal jelly
 C - 5 chunks of flesh
 L - a beef jerky


   Skills:
 + Level 8.5 Fighting
 + Level 9.9 Long Blades
 + Level 10.3 Armour
 + Level 4.0 Dodging
 + Level 1.1 Stealth
 + Level 10.8 Shields
 + Level 0.2 Invocations


You had 9 spell levels left.
You didn't know any spells.

Dungeon Overview and Level Annotations

Branches:
Dungeon (9/15)             Temple (0/1) D:5             Orc (0/2) D:9
   Lair: D:8-11

Altars:
Ashenzari
Cheibriados
Elyvilon
Fedhas
Gozag
Makhleb
Okawaru
Pakellas
Sif Muna
Xom
Yredelemnul
Zin
The Shining One
Beogh

Shops:
D:7 [


Innate Abilities, Weirdness & Mutations

You reflexively headbutt those who attack you in melee.
You have a pair of horns on your head.


Message History

The yak is heavily wounded.
You block the yak's attack. x2
You hit the yak but do no damage.
The yak is heavily wounded.
You block the yak's attack.
You barely miss the yak.
The yak is heavily wounded.
The yak gores you!
* * * LOW HITPOINT WARNING * * *
The yak gores you.
* * * LOW HITPOINT WARNING * * *
You hit the yak.
The yak is severely wounded.
The yak gores you but does no damage. You block the yak's attack.
You barely miss the yak. You headbutt the yak, but do no damage.
The yak is severely wounded.
The yak gores you!
* * * LOW HITPOINT WARNING * * *
The yak gores you!
You die...

......'.....#.............').....
#.....#.<...##'########...#######
#.....###.............#####......
'.......#.............# #......
#.......#.............# #......
#.......#.............# #.....>
##+####'#.............#####......
.................######.........#
.....(..........@# #.........#
...............YY# #.<....)..#
.......).......†># #.........#
.................# #.........#
############.....# ########...
#.....# #... #.....# #... #.....#
#... #.....# #...


You could see 2 yaks.

Vanquished Creatures
  The ghost of Kloppie the Fighter, a novice HOFi of Makhleb (D:5)
  A centaur skeleton (D:9)
  A troll (D:9)
  Sigmund (D:6)
  7 yaks (D:8)
  A basilisk (D:9)
  Duvessa (D:4)
  3 orc warriors (D:9)
  A wasp (D:7)
  A black bear (D:9)
  4 ice beasts
  2 necrophages
  5 ogres
  3 phantoms
  2 centaurs
  A crocodile (D:8)
  8 giant frogs
  A water moccasin zombie (D:7)
  Dowan (D:4)
  2 scorpions
  3 crimson imps
  A quasit (D:7)
  A jelly (D:8)
  8 orc priests
  Crazy Yiuf (D:2)
  7 hounds
  2 iguanas
  5 orc wizards
  4 worker ants
  Natasha (thrice) (D:2)
  2 hound zombies
  3 hound skeletons
  2 howler monkey skeletons
  A howler monkey zombie (D:7)
  3 gnolls (D:4)
  18 adders
  6 river rats
  A shadow imp (D:5)
  3 oozes
  An adder zombie (D:8)
  4 worms
  2 dart slugs (D:2)
  6 giant geckos
  28 orcs
  12 ball pythons
  3 giant cockroaches
  9 goblins
  5 hobgoblins
  12 jackals
  6 kobolds
  2 quokkas
  8 bats
  A giant gecko skeleton (D:6)
  7 giant newts
  28 rats
255 creatures vanquished.

Vanquished Creatures (others)
  A wolf spider (D:8)
  A dart slug (D:1)
  A giant gecko (D:1)
  A hobgoblin (D:1)
  A quokka (D:2)
  2 fungi (D:9)
  3 plants (D:9)
10 creatures vanquished.

Grand Total: 265 creatures vanquished

Notes
Turn   | Place    | Note
--------------------------------------------------------------
     0 | D:1      | Peloso the Minotaur Fighter began the quest for the Orb.
     0 | D:1      | Reached XP level 1. HP: 19/19 MP: 0/0
   147 | D:1      | Reached XP level 2. HP: 21/27 MP: 1/1
   975 | D:2      | Reached XP level 3. HP: 16/33 MP: 2/2
  1139 | D:2      | Noticed Natasha
  1161 | D:2      | Killed Natasha
  1161 | D:2      | Reached skill level 1 in Dodging
  1492 | D:2      | Reached XP level 4. HP: 40/40 MP: 3/3
  1721 | D:2      | Found a white marble altar of Elyvilon.
  1753 | D:2      | Found a snail-covered altar of Cheibriados.
  1766 | D:2      | Noticed Natasha
  1777 | D:2      | Killed Natasha
  2056 | D:2      | Noticed Natasha
  2069 | D:2      | Killed Natasha
  2069 | D:2      | Reached skill level 5 in Shields
  2069 | D:2      | Reached XP level 5. HP: 18/46 MP: 4/4
  2582 | D:2      | Noticed Crazy Yiuf
  2585 | D:2      | Killed Crazy Yiuf
  2927 | D:3      | Reached skill level 5 in Armour
  3185 | D:3      | Found a glowing drain.
  3190 | Sewer    | Entered a sewer
  3345 | Sewer    | Reached XP level 6. HP: 49/53 MP: 5/5
  4300 | Sewer    | Reached XP level 7. HP: 12/60 MP: 6/6
  5137 | D:4      | Found a deep blue altar of Sif Muna.
  5143 | D:4      | Found a shimmering altar of Xom.
  5143 | D:4      | Found a basalt altar of Yredelemnul.
  5177 | D:4      | Found a glowing golden altar of the Shining One.
  5249 | D:4      | Noticed Dowan
  5254 | D:4      | Noticed Duvessa
  5274 | D:4      | Killed Dowan
  5282 | D:4      | Killed Duvessa
  5282 | D:4      | Reached skill level 5 in Fighting
  5874 | D:4      | Found an iron altar of Okawaru.
  5948 | D:4      | Became a worshipper of Warmaster Okawaru
  6183 | D:5      | Entered Level 5 of the Dungeon
  6183 | D:5      | Found a staircase to the Ecumenical Temple.
  6213 | D:5      | Reached XP level 8. HP: 68/69 MP: 7/7
  6333 | D:5      | Reached skill level 5 in Long Blades
  6634 | D:5      | Noticed Kloppie's ghost (novice HOFi)
  6654 | D:5      | Killed Kloppie's ghost
  6924 | D:6      | Found a blossoming altar of Fedhas.
  7036 | D:6      | Found a shattered altar of Ashenzari.
  7061 | D:6      | Noticed Sigmund
  7078 | D:6      | Killed Sigmund
  7113 | D:6      | Found a glowing silver altar of Zin.
  7195 | D:6      | Reached * piety under Okawaru
  7195 | D:6      | Reached XP level 9. HP: 68/78 MP: 8/8
  7483 | D:6      | Reached skill level 1 in Stealth
  7519 | D:6      | Found a burning altar of Makhleb.
  7639 | D:7      | Found Upsucuna's Armour Shop.
  8164 | D:7      | Reached ** piety under Okawaru
  8739 | D:8      | Found an oddly glowing altar of Pakellas.
  8739 | D:8      | Noticed a wolf spider
  8762 | D:8      | Killed a wolf spider
  9061 | D:9      | Reached XP level 10. HP: 86/86 MP: 9/9
  9065 | D:9      | Reached skill level 10 in Shields
  9088 | D:9      | Found an opulent altar of Gozag.
  9101 | D:9      | Found a staircase to the Orcish Mines.
  9282 | D:9      | Reached *** piety under Okawaru
  9293 | D:9      | Found a roughly hewn altar of Beogh.
  9810 | D:8      | Reached skill level 10 in Armour
 10040 | D:8      | Reached **** piety under Okawaru
 10071 | D:8      | Slain by a yak

Skill      XL: |  1  2  3  4  5  6  7  8  9 10 |
---------------+-------------------------------+-----
Shields        | 4 5 6 7 8 9 10 | 10.8
Armour         | 4 5 6 8 9 10 | 10.3
Dodging        | 1 2 3 4 |  4.0
Fighting       | 4 5 6 7 8 |  8.5
Long Blades    | 3 4 6 8 9 |  9.9
Stealth        | 1 |  1.1
Invocations    | |  0.2

Action                   |  1- 3 |  4- 6 |  7- 9 | 10-12 || total
-------------------------+-------+-------+-------+-------++-------
Melee: Long sword        |   107 |   250 |   418 |   137 ||   912
       Headbutt          |     8 |    37 |    80 |    34 ||   159
Invok: Heroism           |       |       |       |     1 ||     1
  Use: Scroll            |       |     3 |    16 |     1 ||    20
       Potion            |       |     1 |     1 |       ||     2
  Eat: Chunk             |     2 |     9 |    13 |     4 ||    28
       Beef jerky        |       |       |     2 |       ||     2
Armor: Scale mail        |    56 |    52 |       |       ||   108
       Plate armour      |       |   143 |   209 |    65 ||   417
Dodge: Dodged            |    34 |   101 |    94 |    39 ||   268
Block: Shield            |    66 |   273 |   240 |   108 ||   687
